 Dungeon Crawl Stone Soup version 0.21-a0-426-g98080a9 (webtiles) character file.

69 mastercheaf21 the Sneak (level 4, -8/29 HPs)
             Began as an Octopode Assassin on Nov 7, 2017.
             Mangled by cirnu's ghost (10 damage)
             ... on level 3 of the Dungeon.
             The game lasted 00:05:38 (1804 turns).

mastercheaf21 the Sneak (Octopode Assassin)         Turns: 1804, Time: 00:05:38

Health: -8/29      AC:  1    Str: 10    XL:     4   Next: 20%
Magic:  4/4        EV: 13    Int: 13    God:
Gold:   69         SH:  0    Dex: 14    Spells: 3/3 levels left

rFire    . . .     SeeInvis .   a - +2 dagger
rCold    . . .     Gourm    .   (no shield)
rNeg     . . .     Faith    .   (helmet restricted)
rPois    .         Spirit   .   (no amulet)
rElec    .         Reflect  .   (no ring)
rCorr    .         Harm     .   (no ring)
MR       .....                  (no ring)
Stlth    +++++.....             (no ring)
HPRegen  0.09/turn              (no ring)
MPRegen  0.09/turn              (no ring)
                                (no ring)
                                (no ring)

@: no status effects
A: almost no armour, stealthy swim, amphibious, 8 rings, constrict 8, camouflage
1, gelatinous body 1
a: no special abilities


You were on level 3 of the Dungeon.
You were not hungry.

You visited 1 branch of the dungeon, and saw 3 of its levels.

You collected 69 gold pieces.

Inventory:

Hand Weapons
 a - a +2 dagger (weapon)
 b - a +0 blowgun
 i - a +2 dagger of speed
Missiles
 c - 14 poisoned needles
 d - 2 curare-tipped needles
Scrolls
 h - 3 scrolls of teleportation {unknown}
 j - a scroll of blinking {unknown}
 l - a scroll of remove curse {unknown}
 n - a scroll of enchant weapon {unknown}
 q - a scroll of enchant armour {unknown}
 r - a scroll of amnesia {unknown}
 s - 3 scrolls of identify {unknown}
Potions
 e - a potion of berserk rage {unknown}
 g - a potion of flight {unknown}
 k - 3 potions of curing {unknown}
 o - 3 potions of mutation {unknown}
 p - 2 potions of heal wounds
Comestibles
 f - a bread ration
 m - 2 fruits
 t - 3 chunks of flesh


   Skills:
 - Level 2.0 Fighting
 - Level 2.0 Short Blades
 - Level 2.0 Throwing
 * Level 2.0 Dodging
 + Level 7.2 Stealth


You had 3 spell levels left.
You didn't know any spells.

Dungeon Overview and Level Annotations

Branches:
Dungeon (3/15)

Altars:

Annotations:
D:3 cirnu's ghost, weakling DsBe


Innate Abilities, Weirdness & Mutations

You cannot wear most types of armour.
You are very stealthy in the water. (Stealth+)
You are amphibious.
You can wear up to eight rings at the same time.
You can use your tentacles to constrict eight enemies at once.
Your skin changes colour to match your surroundings (Stealth+).
Your rubbery body absorbs attacks. (AC +1, EV +1)


Message History

The bat struggles to escape constriction.
You hit the bat.
You kill the bat!
You hit cirnu's ghost.
Cirnu's ghost is lightly damaged.
Cirnu's ghost hits you!
You closely miss cirnu's ghost.
Cirnu's ghost is lightly damaged.
Cirnu's ghost completely misses you.
You hit cirnu's ghost.
Cirnu's ghost is moderately damaged.
Cirnu's ghost hits you.
You barely miss cirnu's ghost. Your squeeze misses cirnu's ghost.
Cirnu's ghost is moderately damaged.
Cirnu's ghost hits you!
* * * LOW HITPOINT WARNING * * *
You hit cirnu's ghost.
Cirnu's ghost is moderately damaged.
Cirnu's ghost hits you!
You die...

#.# #.# #.##
#..# ##.# #<#
####
#.######....l
#..##....#
##..W@####
######


You could see cirnu's ghost and a frilled lizard (sleeping).

Vanquished Creatures
  An adder (D:2)
  An ooze (D:2)
  2 worms
  4 dart slugs (D:1)
  2 leopard geckos (D:1)
  3 ball pythons
  A giant cockroach (D:1)
  4 goblins
  7 hobgoblins
  2 jackals (D:1)
  4 kobolds
  A bat (D:3)
  3 frilled lizards (D:1)
  4 rats (D:1)
39 creatures vanquished.

Notes
Turn   | Place    | Note
-------+----------+-------------------------------------------
     0 | D:1      | mastercheaf21 the Octopode Assassin began the quest for the Orb.
     0 | D:1      | Reached XP level 1. HP: 14/14 MP: 1/1
   172 | D:1      | Reached XP level 2. HP: 19/19 MP: 2/2
   207 | D:1      | Reached skill level 6 in Stealth
   567 | D:1      | Reached XP level 3. HP: 22/24 MP: 3/3
  1073 | D:2      | Reached skill level 7 in Stealth
  1586 | D:2      | Reached XP level 4. HP: 29/29 MP: 4/4
  1774 | D:3      | Noticed cirnu's ghost (weakling DsBe)
  1804 | D:3      | Mangled by cirnu's ghost

Vault maps used:
D:1:      minmay_arrival_four_houses, minivault_25, roderic_lattice_a,
          minmay_pentomino_z2
D:3:      dk_vineyard_3, minmay_crystal_water, uniq_natasha

Skill      XL: |  1  2  3 |
---------------+----------+-----
Stealth        | 6 7 |  7.2
Dodging        | 2 |  2.0
Fighting       | |  2.0
Short Blades   | |  2.0
Throwing       | |  2.0

Action                   |  1- 3 |  4- 6 || total
-------------------------+-------+-------++-------
Melee: Dagger            |    75 |    14 ||    89
       Constrict         |    21 |     2 ||    23
       Tentacles         |    13 |     2 ||    15
 Stab: Sleeping          |    10 |       ||    10
  Eat: Chunk             |     1 |     2 ||     3
Armor: Skin              |     1 |     2 ||     3
Dodge: Dodged            |    31 |     5 ||    36

Table legend:
 A = Spawn XP
 B = Non-spawn XP
 C = Spawn XP percentage of total XP
 D = Spawn monster count
 E = Non-spawn monster count
 F = Spawn count percentage of total count
 G = Total turns spent on level
                    A         B        C        D         E        F      G
               +---------+---------+-------+---------+---------+-------+---------
         Total |       0 |      99 |   0.0 |       0 |      39 |   0.0 |  1804
               +---------+---------+-------+---------+---------+-------+---------
           D:1 |       0 |      56 |   0.0 |       0 |      27 |   0.0 |   955
           D:2 |       0 |      37 |   0.0 |       0 |      10 |   0.0 |   697
           D:3 |       0 |       6 |   0.0 |       0 |       2 |   0.0 |   152
               +---------+---------+-------+---------+---------+-------+---------
